AoeStats
← facha heroe del whisky

Arena

508054063Analyzed
1v1 RM · 13d ago on Sep 20, 2026· 44m 40s· 2 players
Game mode
Random Map
Map size
Tiny (2 player)
Population
200
Speed
Normal
Resources
Standard
Victory
Conquest
Starting age
Dark Age
Ending age
Imperial Age
RankedLock teamsTeams togetherTeam positionsShared explorationLock speedFull tech treeHidden civsTurbo modeCheats
Victory
Defeat
🇳🇱 Cumans · Netherlands
1190
+16
🇦🇷 Italians · Argentina
1189
-16
facha heroe del whisky
5:16 Loom
10:07 Feudal Age
13:42 Castle Age
17:50 Town Watch
18:39 Double-Bit Axe
20:08 Horse Collar
22:47 Fletching
29:31 Imperial Age
29:11 Wheelbarrow
28:52 Bow Saw
29:08 Bloodlines
29:56 Light Cavalry
30:33 Bodkin Arrow
30:44 Scale Barding Armor
32:10 Chemistry
31:21 Masonry
35:45 Forging
35:41 Scale Barding Armor
35:45 Husbandry
36:20 Hussar
38:54 Heavy Plow
39:01 Thumb Ring
41:33 Ballistics
41:17 Padded Archer Armor
42:26 Iron Casting
44:00 Chain Barding Armor
SpiderAngel
7:08 Loom
9:07 Feudal Age
11:09 Double-Bit Axe
11:06 Horse Collar
13:44 Wheelbarrow
20:30 Castle Age
22:34 Hand Cart
22:53 Stone Mining
24:57 Gold Mining
25:19 Bow Saw
25:11 Heavy Plow
28:50 Imperial Age
26:41 Fletching
26:51 Padded Archer Armor
27:47 Gold Shaft Mining
28:57 Elite Skirmisher
29:45 Thumb Ring
30:52 Ballistics
31:33 Chemistry
31:38 Two-Man Saw
31:11 Crop Rotation
30:39 Bodkin Arrow
30:59 Leather Archer Armor
30:08 Onager
31:29 Conscription
31:47 Elite Steppe Lancer
32:37 Bloodlines
32:39 Forging
32:35 Scale Barding Armor
35:19 Iron Casting
35:04 Chain Barding Armor
40:02 Capped Ram
43:49 Siege Ram
46:15 Blast Furnace
45:50 Plate Barding Armor
Connection lost

Rejoining the realm…

Still unreachable

The connection could not be restored.

Session expired

The server has moved on; the page needs a fresh start.